 Dungeon Crawl Stone Soup version 0.17.0-56-gd8de76c (webtiles) character file.

6850 homeworkjunkie the Nimble (level 10, -2/51 HPs)
             Began as a Spriggan Assassin on Dec 5, 2015.
             Was a High Priest of Okawaru.
             Slain by a red ugly thing (23 damage)
             ... on level 9 of the Dungeon.
             The game lasted 00:32:19 (14684 turns).

homeworkjunkie the Nimble (Spriggan Assassin)      Turns: 14684, Time: 00:32:19

Health: -2/51      AC:  3    Str:  4    XL:     10   Next: 78%
Magic:  8/12       EV: 31    Int: 13    God:    Okawaru [*****.]
Gold:   549        SH:  0    Dex: 21    Spells: 1 memorised, 6 levels left

rFire  . . .     SeeInvis +     q - +0 hunting sling
rCold  . . .     Clarity  .     c - +0 robe
rNeg   . . .     SustAt   .     (shield restricted)
rPois  .         Gourm    .     (helmet restricted)
rElec  .         Spirit   .     d - +0 cloak
rCorr  .         Warding  .     (gloves unavailable)
rMut   .         Stasis   .     (boots unavailable)
MR     +....                    (no amulet)
Stlth  +++++++...               n - -3 ring of strength (curse)
                                h - ring of stealth

@: drained, very quick, somewhat resistant to hostile enchantments, extremely
stealthy
A: unfitting armour, see invisible, herbivore 3, speed 3, slow metabolism 2
a: Heroism, Finesse, Renounce Religion


You were on level 9 of the Dungeon.
You worshipped Okawaru.
Okawaru was extremely pleased with you.
You were not hungry.

You visited 3 branches of the dungeon, and saw 11 of its levels.
You also visited: Sewer.

You collected 549 gold pieces.

Inventory:

Hand Weapons
 a - the +8 dagger "Demonbane" {antimagic, rC+}
   (You found it on level 9 of the Dungeon)

   It disrupts the flow of magical energy around spellcasters and certain
   magical creatures (including the wielder).
   It protects you from cold.
 b - a +0 blowgun
 q - a +0 hunting sling (weapon)
 w - a +1 dagger of protection
 D - a +1 dagger of venom
 E - a +0 short sword of speed
Missiles
 e - 49 poisoned needles
 f - 2 curare-tipped needles
 i - 59 sling bullets (quivered)
 r - 7 poisoned tomahawks
 x - 4 needles of confusion
 A - 5 tomahawks
 C - 5 tomahawks of returning
 F - 16 silver sling bullets
Armour
 c - a +0 robe (worn)
 d - a +0 cloak (worn)
Jewellery
 h - a ring of stealth (left hand)
 n - a cursed -3 ring of strength (right hand)
 s - a +3 ring of dexterity
 G - an uncursed ring of see invisible
 H - a cursed -3 ring of dexterity
Wands
 k - a wand of magic darts (17)
 o - a wand of slowing (47)
 p - a wand of disintegration (0)
 y - a wand of draining (0)
 L - a wand of frost (18)
Scrolls
 j - 8 scrolls of teleportation
 m - 3 scrolls of immolation
 v - 4 scrolls of fog
 J - 4 scrolls of identify
Potions
 l - a potion of lignification
 u - a potion of brilliance
 z - a potion of mutation
 K - a potion of flight {unknown}
 N - a potion of might
Books
 t - a book of Clouds

   Spells                             Type                      Level
   a - Mephitic Cloud                 Conjuration/Poison/Air       3
   b - Conjure Flame                  Conjuration/Fire             3
   c - Poisonous Cloud                Conjuration/Poison/Air       6
   d - Freezing Cloud                 Conjuration/Ice/Air          6
   e - Ring of Flames                 Charms/Fire                  7
 B - a book of Annihilations

   Spells                             Type                      Level
   a - Poison Arrow                   Conjuration/Poison           6
   b - Chain Lightning                Conjuration/Air              8
   c - Lehudib's Crystal Spear        Conjuration/Earth            8
   d - Glaciate                       Conjuration/Ice              9
   e - Fire Storm                     Conjuration/Fire             9
Comestibles
 g - a bread ration


   Skills:
 * Level 4.6(4.4) Fighting
 * Level 6.4(6.2) Short Blades
 * Level 4.8(7.9) Slings
 * Level 8.5(8.7) Throwing
 * Level 12.3(12.1) Dodging
 * Level 12.2(11.9) Stealth
 * Level 1.5(1.3) Evocations


You had 6 spell levels left.
You knew the following spells:

 Your Spells              Type           Power        Failure   Level  Hunger
a - Mephitic Cloud        Conj/Pois/Air  #.......     86%         3    ####...


Dungeon Overview and Level Annotations

Branches:
Dungeon (9/15)             Temple (1/1) D:4            Lair (1/8) D:9
    Orc (0/4) D:9

Altars:
Ashenzari
Cheibriados
Elyvilon
Fedhas
Gozag
Kikubaaqudgha
Makhleb
Nemelex Xobeh
Okawaru
Qazlal
Ru
Sif Muna
Trog
Vehumet
Xom
Yredelemnul
Zin

Annotations:
D:9 Prince Ribbit


Innate Abilities, Weirdness & Mutations

You are tiny and cannot use many weapons and most armour.
You have supernaturally acute eyesight.
You are a herbivore.
You cover ground extremely quickly.
You need consume almost no food.


Message History

Firing (i - inventory. (,) - cycle):
i - 62 sling bullets (quivered)
Press: ? - help, Shift-Dir - straight line, f/p - red ugly thing
Aim: a red ugly thing (heavily wounded, poisoned)
You shoot a sling bullet.
The sling bullet closely misses the red ugly thing.
Firing (i - inventory. (,) - cycle):
i - 61 sling bullets (quivered)
Press: ? - help, Shift-Dir - straight line, f/p - red ugly thing
Aim: a red ugly thing (heavily wounded, poisoned)
You shoot a sling bullet.
The sling bullet hits the red ugly thing.
The red ugly thing is heavily wounded.
The red ugly thing misses you.
Firing (i - inventory. (,) - cycle):
i - 60 sling bullets (quivered)
Press: ? - help, Shift-Dir - straight line, f/p - red ugly thing
Aim: a red ugly thing (heavily wounded, poisoned)
You shoot a sling bullet.
The sling bullet hits the red ugly thing!
The red ugly thing is severely wounded.
The red ugly thing tail-slaps you!
You are engulfed in flames!!
You die...

.#...#.# #..........#
.#.#.#.###..........#
.#.....#.....^).....#
.#####...#..........#
....)..###..........#
##.##### ########.###
#...# #.# ###.# ##.#
#.# #@.# ####'## #u##
......# #(# ......#
#.# ......# #(#
(..<..# #.# ......#
#(# ......# #(#
......# #(#


You could see a red ugly thing.

Vanquished Creatures
  Pikel (D:6)
  Maurice (D:8)
  Joseph (D:8)
  A komodo dragon (D:9)
  A human (D:9)
  2 hippogriffs
  A deep elf mage (D:9)
  Menkaure (D:7)
  Edmund (D:4)
  A water moccasin (D:8)
  2 ice beasts (D:9)
  Duvessa (D:7)
  2 phantoms (D:8)
  Purgy (Sewer)
  3 sky beasts
  A wasp (D:7)
  4 ogres
  2 orc warriors (D:8)
  3 black bears
  A slave (D:6)
  3 centaurs
  4 big kobolds
  Dowan (D:7)
  5 giant frogs
  A gnoll sergeant (D:6)
  3 scorpions
  5 killer bees (D:9)
  5 wights (D:9)
  4 crimson imps
  A centaur zombie (D:5)
  A giant frog zombie (D:5)
  2 orc priests
  The ghost of gorblad the Scratcher, a weakling FeMo (D:3)
  3 jellies
  Crazy Yiuf (D:2)
  4 hounds
  An iguana (D:4)
  A centaur skeleton (D:8)
  Natasha (twice) (D:4)
  10 worker ants
  8 orc wizards
  A hound skeleton (D:5)
  2 gnolls (D:6)
  A river rat (D:5)
  7 adders
  An ooze (D:4)
  An adder skeleton (D:4)
  2 adder zombies
  A worm (D:2)
  4 giant geckos
  30 orcs
  5 ball pythons
  3 goblins
  5 hobgoblins
  5 jackals
  3 quokkas
  8 bats
  8 giant cockroaches
  6 giant newts
  24 kobolds
  A quokka skeleton (D:6)
  7 rats
222 creatures vanquished.

Vanquished Creatures (others)
  A wizard (D:6)
  A slave (D:6)
  An orc wizard (D:8)
  A gnoll (D:6)
  A plant (D:9)
5 creatures vanquished.

Grand Total: 227 creatures vanquished

Notes
Turn   | Place    | Note
--------------------------------------------------------------
     0 | D:1      | homeworkjunkie the Spriggan Assassin began the quest for the Orb.
     0 | D:1      | Reached XP level 1. HP: 10/10 MP: 2/2
    22 | D:1      | Reached skill level 6 in Stealth
   204 | D:2      | Found a sacrificial altar of Ru.
   214 | D:2      | Reached XP level 2. HP: 14/14 MP: 3/3
   753 | D:2      | Found an ancient bone altar of Kikubaaqudgha.
   835 | D:3      | Found a blossoming altar of Fedhas.
   883 | D:3      | Noticed gorblad's ghost (weakling FeMo)
   907 | D:3      | Reached skill level 7 in Stealth
   907 | D:3      | Reached XP level 3. HP: 14/18 MP: 4/4
  1499 | D:2      | Reached XP level 4. HP: 23/23 MP: 5/5
  1862 | D:2      | Noticed Crazy Yiuf
  1871 | D:2      | Killed Crazy Yiuf
  2168 | D:4      | Noticed Edmund
  2187 | D:4      | Killed Edmund
  2187 | D:4      | Reached skill level 8 in Stealth
  2187 | D:4      | Reached XP level 5. HP: 15/26 MP: 6/6
  2349 | D:4      | Noticed Natasha
  2378 | D:4      | Killed Natasha
  2613 | D:4      | Reached XP level 6. HP: 26/30 MP: 7/7
  2640 | D:4      | Found a staircase to the Ecumenical Temple.
  2647 | Temple   | Entered the Ecumenical Temple
  2707 | Temple   | Became a worshipper of Warmaster Okawaru
  2731 | D:4      | Noticed Natasha
  2743 | D:4      | Killed Natasha
  3078 | D:4      | Reached skill level 9 in Stealth
  3118 | D:3      | Noticed a big kobold
  3165 | D:3      | Killed a big kobold
  3696 | D:4      | Reached skill level 5 in Dodging
  3924 | D:4      | Reached XP level 7. HP: 35/35 MP: 8/8
  3999 | D:5      | Entered Level 5 of the Dungeon
  4169 | D:6      | Found a bloodstained altar of Trog.
  4356 | D:5      | Learned a level 3 spell: Mephitic Cloud
  4375 | D:5      | Reached * piety under Okawaru
  4458 | D:5      | Reached skill level 10 in Stealth
  4575 | D:5      | Reached XP level 8. HP: 39/39 MP: 9/9
  4610 | D:5      | Reached ** piety under Okawaru
  4626 | D:5      | Found an iron altar of Okawaru.
  4740 | D:5      | Found a glowing drain.
  4759 | Sewer    | Entered a sewer
  4798 | Sewer    | Noticed Purgy
  4834 | Sewer    | Killed Purgy
  5468 | D:4      | Reached skill level 5 in Throwing
  5802 | D:3      | Found a faded altar to an unknown god.
  5943 | D:3      | Killed gorblad's ghost
  7042 | D:6      | Reached skill level 11 in Stealth
  7362 | D:6      | Noticed Pikel
  7549 | D:7      | Reached *** piety under Okawaru
  7567 | D:7      | Noticed Dowan
  7568 | D:7      | Noticed Duvessa
  7570 | D:7      | Found a white marble altar of Elyvilon.
  7608 | D:7      | Killed Duvessa
  7608 | D:7      | Reached XP level 9. HP: 39/44 MP: 10/10
  7623 | D:7      | Killed Dowan
  7738 | D:7      | Noticed Menkaure
  7822 | D:7      | Killed Menkaure
  8871 | D:7      | Reached skill level 10 in Dodging
  9158 | D:7      | Reached skill level 5 in Short Blades
  9311 | D:7      | Found a stormy altar of Qazlal.
  9547 | D:6      | Killed Pikel
  9716 | D:6      | Noticed a wizard
  9721 | D:6      | Killed a wizard
 10096 | D:8      | Noticed Joseph
 10100 | D:8      | Killed Joseph
 10168 | D:8      | Reached **** piety under Okawaru
 10208 | D:8      | Reached XP level 10. HP: 7/49 MP: 11/11
 10287 | D:8      | Received a gift from Okawaru
 10977 | D:8      | Reached skill level 1 in Slings
 11697 | D:8      | HP: 1/49 [orc warrior/wand of magic darts (9)]
 12592 | D:8      | Noticed Maurice
 12596 | D:8      | Killed Maurice
 12596 | D:8      | Reached skill level 1 in Evocations
 12644 | D:8      | Reached skill level 12 in Dodging
 12695 | D:9      | Found a deep blue altar of Sif Muna.
 12914 | D:9      | Found a staircase to the Lair.
 13018 | Lair:1   | Entered Level 1 of the Lair of Beasts
 13133 | D:9      | Reached ***** piety under Okawaru
 13989 | D:9      | Found a staircase to the Orcish Mines.
 14471 | D:9      | Got a fine dagger
 14472 | D:9      | Identified the +8 dagger "Demonbane" {antimagic, rC+} (You found it on level 9 of the Dungeon)
 14589 | D:9      | Noticed an unseen horror
 14590 | D:9      | Noticed Prince Ribbit
 14592 | D:9      | Noticed a hill giant
 14654 | D:9      | Noticed a red ugly thing
 14684 | D:9      | Slain by a red ugly thing

Action                   |  1- 3 |  4- 6 |  7- 9 | 10-12 || total
-------------------------+-------+-------+-------+-------++-------
Melee: Dagger            |    63 |   194 |  1513 |   315 ||  2085
 Fire: Blowgun           |    23 |    30 |   230 |   165 ||   448
       Hunting sling     |       |       |       |   222 ||   222
Throw: Tomahawk          |       |       |     4 |       ||     4
Evoke: Wand              |       |     1 |    10 |    16 ||    27
  Use: Potion            |     1 |       |     3 |     3 ||     7
       Scroll            |     3 |     6 |    10 |     2 ||    21
 Stab: Sleeping          |    10 |    16 |    26 |    10 ||    62
       Distracted        |     1 |     2 |     4 |     3 ||    10
  Eat: Bread ration      |       |     1 |     1 |     1 ||     3
       Pizza             |       |       |       |     1 ||     1
